 Dungeon Crawl Stone Soup version 0.17-a0-1164-g0ba867e (webtiles) character file.

95 neecht the Magician (level 4, -3/21 HPs)
             Began as a Spriggan Enchanter on May 29, 2015.
             Killed by divine providence
             ... invoked by an orc priest
              (16 damage)
             ... on level 4 of the Dungeon.
             The game lasted 00:05:58 (1817 turns).

neecht the Magician (Spriggan Enchanter)            Turns: 1817, Time: 00:05:58

Health: -3/21      AC:  3    Str:  5    XL:     4   Next: 39%
Magic:  10/12      EV: 18    Int: 16    God:
Gold:   174        SH:  0    Dex: 16    Spells: 3 memorised, 8 levels left

rFire  x . .     SeeInvis +     a - +1 dagger
rCold  + + .     Clarity  .     b - +1 robe
rNeg   . . .     SustAt   .     (shield restricted)
rPois  .         Gourm    .     (helmet restricted)
rElec  .         Spirit   .     (no cloak)
rCorr  .         Warding  .     (gloves unavailable)
rMut   .         Stasis   .     (boots unavailable)
MR     .....                    (no amulet)
Stlth  +++.......               l - ring of ice
                                f - ring of protection from cold

@: very quick, not resistant to hostile enchantments, fairly stealthy
A: unfitting armour, see invisible, herbivore 3, speed 3, slow metabolism 2
a: no special abilities


You were on level 4 of the Dungeon.
You were not hungry.

You visited 1 branch of the dungeon, and saw 4 of its levels.

You collected 174 gold pieces.

Inventory:

Hand weapons
 a - a +1 dagger (weapon)
 o - a +4 hunting sling
Missiles
 p - 136 stones (quivered)
 q - 11 poisoned needles
Armour
 b - a +1 robe (worn)
Jewellery
 f - a ring of protection from cold (left hand)
 l - a ring of ice (right hand)
 r - an uncursed ring of see invisible {unknown}
Magical devices
 t - a wand of magic darts (18)
Scrolls
 e - a scroll of immolation {unknown}
 g - a scroll of random uselessness {unknown}
 h - 4 scrolls of amnesia {unknown}
 i - 2 scrolls of identify {unknown}
 k - a scroll of teleportation {unknown}
 n - 2 scrolls of fog {unknown}
 s - a scroll of recharging {unknown}
Potions
 j - a potion of degeneration {unknown}
 m - a potion of agility {unknown}
Books
 c - a book of Maledictions

   Spells                             Type                      Level
   a - Corona                         Hexes                        1
   b - Ensorcelled Hibernation        Hexes/Ice                    2
   c - Confuse                        Hexes                        3
   d - Tukima's Dance                 Hexes                        3
   e - Dazzling Spray                 Conjuration/Hexes            3
Comestibles
 d - 2 bread rations


   Skills:
 - Level 1.1 Short Blades
 - Level 3.0 Dodging
 - Level 4.4 Stealth
 + Level 5.8 Spellcasting
 - Level 3.6 Hexes


You had 8 spell levels left.
You knew the following spells:

 Your Spells              Type           Power        Failure   Level  Hunger
a - Corona                Hex            ###....      3%          1    None
b - Ensorcelled Hibernat  Hex/Ice        ###...       12%         2    #......
c - Confuse               Hex            ###.....     12%         3    ##.....


Dungeon Overview and Level Annotations

Branches:
Dungeon (4/15)
 Temple: D:4-7

Altars:
Elyvilon
Fedhas
Kikubaaqudgha
Makhleb
Okawaru
Trog

Annotations:
D:3 neecht's ghost, average SpEn


Innate Abilities, Weirdness & Mutations

You are tiny and cannot use many weapons and most armour.
You have supernaturally acute eyesight.
You are a herbivore.
You cover ground extremely quickly.
You need consume almost no food.


Message History

Press: ? - help, . - travel You can't see that place. [the floor.]
Things that are here:
a club; an orc skeleton Your magical contamination has completely faded away.
There is a stone staircase leading down here.
You climb downwards.
Found a rapier.
There is a stone staircase leading up here.
You see here a rapier.
An orc and an orc priest come into view.
The orc priest shouts!
An orc comes into view.
The orc shouts!
p - 136 stones (gained 21)
The orc priest calls down the wrath of Beogh upon you.
Something smites you!
Ouch! That really hurt!
You die...

....# #..# ###.# ##.#
.# ###.## ###....# #
#...##.#
#...####o#.##.#
.oo.o.........#
....####.####.# ...
##.@...##.#
...#.......#.#
#..#.......#.#
#......_.....#
#..#.......#.# #
#..#.......#.# ##.
#..##.....## #
#...######o.####.####.#
#..<...O....†.......#


You could see an orc priest.

Vanquished Creatures
  A hound (D:4)
  An adder (D:3)
  An ooze (D:1)
  A worm (D:3)
  6 orcs (D:3)
  3 ball pythons
  A giant cockroach (D:3)
  10 goblins
  4 hobgoblins
  2 jackals (D:3)
  5 kobolds
  2 bats
  2 giant newts (D:2)
  5 rats
44 creatures vanquished.

Notes
Turn   | Place    | Note
--------------------------------------------------------------
     0 | D:1      | neecht the Spriggan Enchanter began the quest for the Orb.
     0 | D:1      | Reached XP level 1. HP: 9/9 MP: 5/5
   186 | D:1      | Reached XP level 2. HP: 5/13 MP: 5/7
   201 | D:1      | Learned a level 2 spell: Ensorcelled Hibernation
   596 | D:2      | Found a blossoming altar of Fedhas.
   638 | D:2      | Reached XP level 3. HP: 16/16 MP: 9/9
   788 | D:2      | Found an ancient bone altar of Kikubaaqudgha.
   791 | D:2      | Found a bloodstained altar of Trog.
   794 | D:2      | Found a white marble altar of Elyvilon.
  1136 | D:3      | Noticed neecht's ghost (average SpEn)
  1158 | D:3      | Learned a level 3 spell: Confuse
  1386 | D:3      | Found a burning altar of Makhleb.
  1408 | D:3      | Reached skill level 5 in Spellcasting
  1702 | D:4      | Noticed an ogre
  1703 | D:4      | Found an iron altar of Okawaru.
  1719 | D:4      | Reached XP level 4. HP: 9/21 MP: 2/12
  1817 | D:4      | Killed from afar by an orc priest

Vault maps used:
D:1:      minmay_arrival_stone_box
D:2:      grunt_temple_overflow_diamond, lemuel_crystal_altar, first_bread,
          minmay_misc_feat_five
D:3:      old_standard_altar
D:4:      tgw_sif, old_standard_altar

Action                   |  1- 3 |  4- 6 || total
-------------------------+-------+-------++-------
Melee: Dagger            |    69 |       ||    69
 Cast: Corona            |     8 |       ||     8
       Ensorcelled Hiber |    17 |       ||    17
 Stab: Sleeping          |    31 |       ||    31
